 Dungeon Crawl Stone Soup version 0.31-a0-986-g5e6e4ef867 (webtiles) character file.

Game seed: 2176317841939118057

334 timneilson the Ruffian (level 6, -3/41 HPs)
             Began as an Octopode Shapeshifter on Nov 12, 2023.
             Slain by a gnoll
             ... wielding a +0 spear
              (6 damage)
             ... on level 3 of the Dungeon.
             The game lasted 00:03:32 (2139 turns).

timneilson the Ruffian (Octopode Shapeshifter)      Turns: 2139, Time: 00:03:33

Health: -3/41      AC:  1    Str: 16    XL:     6   Next: 53%
Magic:  8/8        EV: 13    Int: 12    God:
Gold:   171        SH:  0    Dex: 11    Spells: 7/7 levels left

rFire   . .          .
                       - Unarmed
rCold   . . .        (no shield)
rNeg    . . .        (helmet currently unavailable)
rPois   .            (no amulet)
rElec   .            (no ring)
rCorr   .            (no ring)
SInv    .            (no ring)
Will    .....        (no ring)
Stlth   +++          (no ring)
HPRegen 0.26/turn    (no ring)
MPRegen 0.11/turn    (no ring)
                     (no ring)

%: no passive effects
@: beast-form
A: beast (slay +2), almost no armour, amphibious, 8 rings, camouflage 1,
gelatinous body 1, (nimble swimmer 1), tentacles
a: Begin Untransformation


You were on level 3 of the Dungeon.
You were a hulking beast.
You visited 1 branch of the dungeon, and saw 3 of its levels.

You collected 171 gold pieces.

Inventory:

Talismans
 b - a beast talisman
 c - a flux talisman
Scrolls
 d - 4 scrolls of identify
 g - a scroll of fear {unknown}
 i - a scroll of summoning {unknown}
 m - a scroll of poison {unknown}
 n - a scroll of torment {unknown}
Potions
 a - a potion of lignification
 e - a potion of attraction
 f - a potion of curing
 h - a potion of mutation {unknown}
 j - a potion of might {unknown}
 k - a potion of brilliance {unknown}
 l - a potion of degeneration {unknown}


   Skills:
 * Level 2.9 Fighting
 * Level 3.4 Dodging
 + Level 2.4 Stealth
 * Level 4.2 Unarmed Combat
 + Level 1.3 Spellcasting
 * Level 3.9 Shapeshifting


You had 7 spell levels left.
You didn't know any spells.
Your spell library was empty.

Dungeon Overview and Level Annotations

Branches:
Dungeon (3/15)

Altars:
Kikubaaqudgha

Annotations:
D:3 1 runed translucent door, Crazy Yiuf


Innate Abilities, Weirdness & Mutations

You are a hulking beast.
Your limbs bulge with bestial killing power. (Slay +2)
You cannot wear most types of armour.
You are amphibious.
You can wear up to eight rings at the same time.
Your skin changes colour to match your surroundings (Stealth+).
Your rubbery body absorbs attacks. (AC +1, EV +1)
((You are camouflaged when in or above water. (Stealth+)))
You have tentacles for arms and can constrict up to eight enemies at once.


Message History

d - 4 scrolls of identify (gained 1)
The gnoll shouts!
You hear a shout!
You hear an angry hiss.
The gnoll hits you from afar with a +2 spear of flaming.
The gnoll burns you.
A gnoll comes into view. It is wielding a +0 flail.
The gnoll hits you with a +2 spear of flaming.
The gnoll burns you.
A gnoll comes into view. It is wielding a +0 spear.
You tentacle-slap the gnoll. You grab the gnoll.
The gnoll is moderately wounded.
You constrict the gnoll, but do no damage.
The gnoll closely misses you.
The gnoll hits you from afar with a +0 spear!
You tentacle-slap the gnoll but do no damage.
The gnoll is moderately wounded.
You constrict the gnoll. The gnoll closely misses you.
The gnoll hits you with a +0 flail!
* * * LOW HITPOINT WARNING * * *
The gnoll misses you.
You release your grip on the gnoll.
The gnoll completely misses you.
You feel better. The gnoll misses you.
You feel better.
The gnoll hits you from afar with a +2 spear of flaming.
The gnoll burns you. The gnoll barely misses you.
You bludgeon the gnoll! You grab the gnoll. You squeeze the gnoll.
You kill the gnoll!
The gnoll hits you from afar with a +2 spear of flaming!
The gnoll burns you.
* * * LOW HITPOINT WARNING * * *
The gnoll closely misses you.
The gnoll hits you from afar with a +0 spear.
* * * LOW HITPOINT WARNING * * *
Things that are here:
a +0 flail; a gnoll corpse You tentacle-slap the gnoll but do no damage.
You grab the gnoll.
The gnoll is moderately wounded.
You constrict the gnoll. The gnoll barely misses you.
The gnoll hits you from afar with a +0 spear.
You die...

#..# ## ##..##
######### #.
.....###.......# #.
#......#.......# #.
#..............# #.
.g....#.......# #.
#.....#.......#
#.###........†...>#
#..hgg....#.......#
######........######
##...#........# ###
#...#.#.####.#
#########.###...#.#.#
#.#
#.[...##...##.......#
#.#
#.###.#.......#.#.####
#..
#.#.....#####........#
###
#.#.#..##.[.##.......#


You could see 2 gnolls.

Vanquished Creatures
  Sigmund (D:3)
  7 adders
  A gnoll (D:3)
  3 worms
  3 dart slugs
  2 orcs (D:3)
  9 bats
  8 endoplasms
  A giant cockroach (D:1)
  5 goblins
  5 hobgoblins
  4 jackals
  4 quokkas
  6 ball pythons
  2 frilled lizards
  6 kobolds
  10 rats
77 creatures vanquished.

Notes
Turn   | Place    | Note
-------+----------+-------------------------------------------
     0 | D:1      | timneilson the Octopode Shapeshifter began the quest for
                  | the Orb.
     0 | D:1      | Reached XP level 1. HP: 13/13 MP: 1/1
   117 | D:1      | Reached XP level 2. HP: 3/18 MP: 2/2
   347 | D:1      | Reached XP level 3. HP: 23/23 MP: 3/3
   857 | D:2      | Reached skill level 1 in Stealth
   994 | D:2      | Reached XP level 4. HP: 26/29 MP: 4/4
  1448 | D:3      | Noticed Sigmund
  1454 | D:3      | Killed Sigmund
  1455 | D:3      | Reached skill level 4 in Unarmed Combat
  1455 | D:3      | Reached skill level 1 in Spellcasting
  1455 | D:3      | Reached XP level 5. HP: 35/35 MP: 4/6
  1455 | D:3      | Reached XP level 6. HP: 41/41 MP: 4/7
  1517 | D:3      | Found a runed translucent door.
  1518 | D:3      | Noticed Crazy Yiuf
  1722 | D:3      | Found an ancient bone altar of Kikubaaqudgha.
  2139 | D:3      | Slain by a gnoll

Illustrated notes

Levels and vault maps discovered:
D:1:      erik_arrival_blinker_ship, layout_loops_ring
D:2:      layout_loops_cross, minmay_domino_2
D:3:      layout_loops_cross, mainiacjoe_overflow_cross_hatched,
          minmay_joined_circles, uniq_sigmund, uniq_crazy_yiuf_cottage

Skill      XL: |  1  2  3  4 |
---------------+-------------+-----
Stealth        | 1 2 |  2.4
Fighting       | 2 |  2.9
Dodging        | 3 |  3.4
Unarmed Combat | 4 |  4.2
Spellcasting   | 1 |  1.3
Shapeshifting  | |  3.9

Action                     |  1- 3 |  4- 6 || total
---------------------------+-------+-------++-------
  Melee: Unarmed           |    62 |    84 ||   146
         Tentacles         |    11 |    17 ||    28
         Constrict         |    12 |    27 ||    39
         Punch             |     2 |     1 ||     3
    Use: Scroll            |     2 |     2 ||     4
         Potion            |       |     2 ||     2
   Stab: Sleeping          |     6 |    10 ||    16
 Armour: Skin              |    26 |    42 ||    68
  Dodge: Dodged            |    30 |    54 ||    84

Table legend: (Time is in decaauts)
 A = Elapsed time spent in this place.
 B = Non-inter-level travel time spent in this place.
 C = Inter-level travel time spent in this place.
 D = Time resting spent in this place.
 E = Time spent auto-exploring this place.
 F = Levels seen in this place.
 G = Mean time per level.
                   A        B        C        D        E       F      G
               +--------+--------+--------+--------+--------+-----+--------+
         Total |   2129 |   2083 |     46 |      0 |   1615 |   3 |  709.7 |
       Dungeon |   2129 |   2083 |     46 |      0 |   1615 |   3 |  709.7 |
               +--------+--------+--------+--------+--------+-----+--------+

Top non-repeatable levels by time:
     D:3: 736 daAuts
     D:1: 706 daAuts
     D:2: 687 daAuts
